 Dungeon Crawl Stone Soup version 0.23.2-33-g5129a83184 (webtiles) character file.

Game seed: 13908694548359750708

154 Folque the Charmwright (level 5, -4/41 HPs)
             Began as a Centaur Skald on July 9, 2019.
             Killed by nerve-wracking pain
             ... invoked by an orc priest
              (13 damage)
             ... on level 3 of the Dungeon.
             The game lasted 00:06:05 (2267 turns).

Folque the Charmwright (Centaur Skald)              Turns: 2267, Time: 00:06:06

Health: -4/41      AC:  5    Str: 14    XL:     5   Next: 13%
Magic:  0/8        EV:  9    Int: 13    God:
Gold:   137        SH:  0    Dex:  8    Spells: 0/8 levels left

rFire    . . .     SeeInvis .   a - +0 hand axe
rCold    . . .     Gourm    .   (no shield)
rNeg     . . .     Faith    .   b - +0 leather armour
rPois    .         Spirit   .   (no helmet)
rElec    .         Reflect  .   f - +0 cloak
rCorr    .         Harm     .   (no gloves)
MR       .....                  (no barding)
Stlth    ..........             (no amulet)
HPRegen  0.13/turn              (no ring)
MPRegen  0.11/turn              (no ring)

@: singing, very quick
A: large, hooves 3, deformed body, speed 2, tough skin 3
a: no special abilities


You were on level 3 of the Dungeon.
You were very hungry.

You visited 1 branch of the dungeon, and saw 3 of its levels.

You collected 137 gold pieces.

Inventory:

Hand Weapons
 a - a +0 hand axe (weapon)
Missiles
 k - 37 sling bullets
Armour
 b - a +0 leather armour (worn)
 f - a +0 cloak (worn)
Jewellery
 h - an uncursed amulet of regeneration {unknown}
 t - an uncursed ring of protection from cold {unknown}
Wands
 u - a wand of random effects (10)
Scrolls
 c - 6 scrolls of remove curse {unknown}
 e - 3 scrolls of identify {unknown}
 g - a scroll of enchant weapon {unknown}
 i - 2 scrolls of fear {unknown}
 j - 3 scrolls of blinking {unknown}
 l - a scroll of random uselessness {unknown}
 n - a scroll of magic mapping {unknown}
 p - 3 scrolls of fog {unknown}
Potions
 m - a potion of agility {unknown}
 o - 2 potions of curing {unknown}
 q - 2 potions of brilliance {unknown}
 r - a potion of berserk rage {unknown}
 s - a potion of magic {unknown}
Comestibles
 d - 10 rations


   Skills:
 - Level 2.0 Fighting
 * Level 3.1 Axes
 - Level 0.6 Armour
 - Level 1.3 Dodging
 + Level 2.4 Spellcasting
 * Level 1.7 Hexes
 + Level 3.3 Charms


You couldn't memorise any spells.
You knew the following spells:

 Your Spells              Type           Power        Failure   Level  Hunger
a - Infusion              Chrm           ##..         8%          1    #......
b - Shroud of Golubria    Chrm/Tloc      #.........   24%         2    ###....
c - Spectral Weapon       Hex/Chrm       #.......     32%         3    ###....
d - Song of Slaying       Chrm           ##......     12%         2    ###....

Your spell library contained the following spells:

 Spells                   Type           Power        Failure   Level  Hunger
 Regeneration             Chrm/Necr      #.........   43%         3    ###....


Dungeon Overview and Level Annotations

Branches:
Dungeon (3/15)

Altars:


Innate Abilities, Weirdness & Mutations

You have hooves in place of feet.
Armour fits poorly on your strangely shaped body.
You cover ground very quickly.
You have extremely tough skin. (AC +3)


Message History

The orc priest is moderately wounded.
You hit the orc. The orc completely misses you. The orc closely misses you.
The orc priest hits you with a +0 dagger.
You hit the orc priest.
The orc priest is heavily wounded.
You hit the orc.
You kill the orc!
The orc hits you from afar with a +0 trident.
The orc priest hits you with a +0 dagger.
Casting: Song of Slaying (safe; 12% risk of failure)
Confirm with . or Enter, or press ? or * to list all spells.
You don't know that spell.
Casting: Song of Slaying (safe; 12% risk of failure)
Confirm with . or Enter, or press ? or * to list all spells.
You start singing a song of slaying.
The orc hits you from afar with a +0 trident!
* * * LOW HITPOINT WARNING * * *
The orc priest calls down the wrath of Beogh upon you.
Pain shoots through your body!
You die...

........####
#........<(......
..##....(.(#
#.......).....### ##
#.#.###o###
#.............# #.#..
#...## ##>........#..#
#.##..###..##
#...(#...##..# #.. #.#
##s.# #..###..###.##
## .. ##.# #..#
##.###.# ... #o###..#
#..##.# #.. #.o@..###
##....# # ..####)...##
###..# ##
.......#..####...# #.
.####.............###.
..#.....###.###...##..
.....##.# #..##......#
......#.####.....#...#
..#...................
......#.####..#...##..


You could see an orc priest and an orc.

Vanquished Creatures
  5 adders
  2 gnolls (D:2)
  A worm (D:2)
  3 leopard geckos
  2 orcs (D:3)
  7 bats
  6 giant cockroaches
  7 hobgoblins
  14 jackals
  5 quokkas
  A ball python (D:1)
  3 frilled lizards
  4 goblins
  5 kobolds
  14 rats
  A plant (D:2)
80 creatures vanquished.

Notes
Turn   | Place    | Note
-------+----------+-------------------------------------------
     0 | D:1      | Folque the Centaur Skald began the quest for the Orb.
     0 | D:1      | Reached XP level 1. HP: 17/17 MP: 3/3
    92 | D:1      | Reached XP level 2. HP: 9/24 MP: 4/4
   246 | D:1      | Learned a level 2 spell: Shroud of Golubria
   786 | D:2      | Reached XP level 3. HP: 29/29 MP: 5/5
   916 | D:2      | Learned a level 3 spell: Spectral Weapon
  1288 | D:2      | Reached XP level 4. HP: 26/36 MP: 2/7
  1318 | D:2      | Reached skill level 1 in Hexes
  2057 | D:3      | Reached XP level 5. HP: 27/41 MP: 0/8
  2236 | D:2      | Learned a level 2 spell: Song of Slaying
  2267 | D:3      | Killed from afar by an orc priest

Skill      XL: |  1  2  3  4 |
---------------+-------------+-----
Axes           | 2 3 |  3.1
Charms         | 3 |  3.3
Spellcasting   | 2 |  2.4
Hexes          | 1 |  1.7
Fighting       | |  2.0
Armour         | |  0.6
Dodging        | |  1.3

Action                   |  1- 3 |  4- 6 || total
-------------------------+-------+-------++-------
Melee: Hand axe          |   134 |   112 ||   246
       Kick              |    15 |    22 ||    37
 Cast: Infusion          |     5 |     4 ||     9
       Spectral Weapon   |       |     1 ||     1
       Song of Slaying   |       |     2 ||     2
  Eat: Chunk             |     1 |     2 ||     3
Armor: Leather armour    |    72 |    37 ||   109
Dodge: Dodged            |    81 |    62 ||   143
